 Dungeon Crawl Stone Soup version 0.22-a0-284-g99d1f74 (webtiles) character file.

1078 Ijustatesigmund the Sneak (level 8, 0/53 (54) HPs)
             Began as an Octopode Fighter on Mar 21, 2018.
             Slain by a sky beast (6 damage)
             ... on level 5 of the Dungeon.
             The game lasted 00:09:44 (5096 turns).

Ijustatesigmund the Sneak (Octopode Fighter)        Turns: 5096, Time: 00:09:46

HP:   0/53 (54)     AC:  1    Str: 15    XL:     8   Next: 29%
MP:   8/8           EV: 12    Int: 12    God:
Gold: 347           SH: 11    Dex: 12    Spells: 7/7 levels left

rFire    . . .     SeeInvis .   a - +1 war axe (flame)
rCold    . . .     Gourm    +   b - +2 shield
rNeg     . . .     Faith    .   (helmet restricted)
rPois    .         Spirit   .   f - amulet of the gourmand
rElec    .         Reflect  .   k - ring of stealth
rCorr    .         Harm     .   (no ring)
MR       .....                  (no ring)
Stlth    +++++.....             (no ring)
HPRegen  0.17/turn              (no ring)
MPRegen  0.11/turn              (no ring)
                                (no ring)
                                (no ring)

@: no status effects
A: almost no armour, stealthy swim, amphibious, 8 rings, constrict 8, camouflage
1, gelatinous body 1
a: no special abilities


You were on level 5 of the Dungeon.
You were completely stuffed.

You visited 1 branch of the dungeon, and saw 5 of its levels.

You collected 347 gold pieces.

Inventory:

Hand Weapons
 a - a +1 war axe of flaming (weapon)
 c - a +2 hand axe of distortion
 j - a +0 hunting sling of flaming
Missiles
 m - 47 sling bullets
Armour
 b - a +2 shield (worn)
Jewellery
 f - an amulet of the gourmand (around mantle)
 k - a ring of stealth (left tentacle)
Wands
 n - a wand of polymorph (11)
Scrolls
 h - 3 scrolls of remove curse
Potions
 e - 2 potions of magic
 l - a potion of cancellation
 p - a potion of flight {unknown}
Comestibles
 d - 7 rations
 g - a chunk of flesh


   Skills:
 + Level 4.1 Fighting
 + Level 4.9 Axes
 - Level 3.8 Slings
 + Level 4.1 Dodging
 - Level 7.2 Stealth
 + Level 4.1 Shields


You had 7 spell levels left.
You didn't know any spells.

Dungeon Overview and Level Annotations

Branches:
Dungeon (5/15)
 Temple: D:4-7

Altars:
Gozag
Vehumet
Wu Jian


Innate Abilities, Weirdness & Mutations

You cannot wear most types of armour.
You are very stealthy in the water. (Stealth+)
You are amphibious.
You can wear up to eight rings at the same time.
You can use your tentacles to constrict eight enemies at once.
Your skin changes colour to match your surroundings (Stealth+).
Your rubbery body absorbs attacks. (AC +1, EV +1)


Message History

No target in view!
You closely miss something. You squeeze something.
Something hits you but does no damage. Something hits you.
Something shocks you.
You barely miss something. Something hits you but does no damage.
You miss something. You block something's attack.
You miss something. The crimson imp puffs mist at you.
The crimson imp blinks!
Something hits you. Something shocks you. Something hits you.
Something shocks you.
You closely miss something. Something hits you. Something shocks you.
* * * LOW HITPOINT WARNING * * *
You closely miss something. Something hits you.
* * * LOW HITPOINT WARNING * * *
Something shocks you.
* * * LOW HITPOINT WARNING * * *
Something hits you.
* * * LOW HITPOINT WARNING * * *
Something shocks you.
You die...

#.# #)# #.#
#.#
#.#########.#
#.#.[.......#
#.#.#######.#
#.#.# #(#
#.#.# #.#
#...#######(#
###.##..@{.(#
#.##5####.#
#.## #.# #.#
#.# #.# #(#
#.. #.# #..
..# ##. ###


You could see a crimson imp.

Vanquished Creatures
  4 ogres
  A necrophage (D:5)
  A centaur (D:5)
  2 crimson imps (D:5)
  A bullfrog zombie (D:5)
  A hound (D:4)
  An orc priest (D:4)
  A centaur skeleton (D:5)
  2 orc wizards
  2 iguanas
  3 worker ants
  A hound skeleton (D:5)
  3 gnolls (D:5)
  5 adders
  A howler monkey skeleton (D:5)
  2 oozes
  5 leopard geckos
  19 orcs
  8 bats
  3 giant cockroaches
  6 goblins
  3 hobgoblins
  A jackal (D:3)
  6 quokkas
  4 frilled lizards
  5 kobolds (D:3)
  7 rats
98 creatures vanquished.

Notes
Turn   | Place    | Note
-------+----------+-------------------------------------------
     0 | D:1      | Ijustatesigmund the Octopode Fighter began the quest for the Orb.
     0 | D:1      | Reached XP level 1. HP: 16/16 MP: 1/1
   153 | D:1      | Reached XP level 2. HP: 21/21 MP: 2/2
   334 | D:2      | Found an ornate altar of the Wu Jian Council.
   552 | D:2      | Reached XP level 3. HP: 26/26 MP: 3/3
  1266 | D:2      | Found an opulent altar of Gozag.
  1899 | D:3      | Reached XP level 4. HP: 31/31 MP: 4/4
  2781 | D:4      | Reached XP level 5. HP: 21/36 MP: 5/5
  2946 | D:4      | Noticed an ogre
  2955 | D:4      | Killed an ogre
  2957 | D:4      | Noticed an ogre
  2961 | D:4      | Killed an ogre
  2961 | D:4      | Reached XP level 6. HP: 42/42 MP: 6/6
  3799 | D:4      | Reached XP level 7. HP: 37/47 MP: 7/7
  3975 | D:4      | Found a radiant altar of Vehumet.
  4032 | D:5      | Entered Level 5 of the Dungeon
  4049 | D:5      | Reached skill level 1 in Stealth
  4058 | D:5      | Reached skill level 2 in Stealth
  4210 | D:5      | Reached skill level 3 in Stealth
  4324 | D:5      | Reached skill level 4 in Stealth
  4334 | D:5      | Reached skill level 5 in Stealth
  4619 | D:5      | Reached skill level 6 in Stealth
  4624 | D:5      | Reached skill level 7 in Stealth
  4624 | D:5      | Reached XP level 8. HP: 20/53 MP: 8/8
  5096 | D:5      | Slain by a sky beast

Vault maps used:
D:1:      minmay_arrival_four_circles
D:2:      lemuel_coloured_pillars_altar, nicolae_overflow_crystal_walls
D:3:      kennysheep_generic_room_6
D:4:      kennysheep_mini_moat, kennysheep_nub, kennysheep_generic_room_4
D:5:      kennysheep_little_box, first_ration

Skill      XL: |  1  2  3  4  5  6  7  8 |
---------------+-------------------------+-----
Axes           | 3 4 |  4.9
Slings         | 3 |  3.8
Stealth        | 7 |  7.2
Dodging        | 4 |  4.1
Shields        | 4 |  4.1
Fighting       | 4 |  4.1

Action                   |  1- 3 |  4- 6 |  7- 9 || total
-------------------------+-------+-------+-------++-------
Melee: War axe           |    77 |    89 |    64 ||   230
       Tentacles         |    11 |    16 |    13 ||    40
       Constrict         |    17 |    21 |    12 ||    50
 Fire: Hunting sling     |       |     3 |    10 ||    13
  Use: Scroll            |     6 |     6 |     1 ||    13
       Potion            |       |     1 |     3 ||     4
 Stab: Sleeping          |     2 |     6 |     5 ||    13
  Eat: Chunk             |     7 |    11 |     4 ||    22
Armor: Skin              |    10 |     6 |     6 ||    22
Dodge: Dodged            |    37 |    33 |    23 ||    93
Block: Shield            |    41 |    41 |    43 ||   125

Table legend:
 A = Spawn XP
 B = Non-spawn XP
 C = Spawn XP percentage of total XP
 D = Spawn monster count
 E = Non-spawn monster count
 F = Spawn count percentage of total count
 G = Total turns spent on level
                    A         B        C        D         E        F      G
               +---------+---------+-------+---------+---------+-------+---------
         Total |       0 |    1541 |   0.0 |       0 |      98 |   0.0 |  5096
               +---------+---------+-------+---------+---------+-------+---------
           D:1 |       0 |      19 |   0.0 |       0 |      11 |   0.0 |   371
           D:2 |       0 |      49 |   0.0 |       0 |      19 |   0.0 |  1354
           D:3 |       0 |      63 |   0.0 |       0 |      27 |   0.0 |  1019
           D:4 |       0 |     506 |   0.0 |       0 |      20 |   0.0 |  1288
           D:5 |       0 |     904 |   0.0 |       0 |      21 |   0.0 |  1064
               +---------+---------+-------+---------+---------+-------+---------
